Map: Odyssey LE

Players

IvySky

  • Race: Zerg Zerg
  • League: Master
  • Spawn Location: 11:00

Florencio - Winner!

  • Race: Protoss Protoss
  • League: Diamond
  • Spawn Location: 5:00

VOD

Have the link to the VOD?

Description

Time

  • Played on: Jan. 2, 2018, 9:40 p.m.
  • Length: 12:53
Show
View Real Time Build Order
Export as new Build Order

IvySky Zerg 

Build Orders: Hatch First, Lurkers 

Get SALT Encoding   

  12  0:04  Drone  
  13  0:10  Drone  
  14  0:19  Overlord  
  14  0:37  Drone  
  14  0:38  Drone x2  
  17  0:50  Drone  
  18  1:00  Drone  
  18  1:01  Extractor  
  18  1:05  Hatchery  
  17  1:13  Drone  
  18  1:19  Spawning Pool  
  18  1:23  Drone  
  18  1:32  Drone  
  19  1:45  Drone  
  21  1:54  Drone  
  21  2:08  Metabolic Boost  
  22  2:26  Overlord, Hatchery  
  22  2:28  Zergling x2  
  22  2:30  Zergling x2  
  22  2:50  Zergling x4  
  22  2:51  Lair, Hatchery  
  24  2:53  Extractor  
  22  3:03  Drone  
  23  3:11  Extractor x2  
  21  3:15  Drone  
  22  3:23  Drone  
  23  3:33  Overlord  
  23  3:49  Queen, Drone  
  23  3:50  Evolution Chamber, Queen  
  23  3:52  Drone x2  
  29  4:08  Drone x3  
  32  4:10  Hydralisk Den  
  31  4:19  Drone  
  31  4:23  Drone  
  33  4:32  Drone  
  33  4:38  Drone  
  35  4:46  Drone x3  
  37  4:59  Drone x5  
  43  5:00  Drone  
  43  5:04  Overlord  
  41  5:08  Zergling x2  
  41  5:11  Zergling x2  
  42  5:16  Zergling x2  
  42  5:17  Zergling x2  
  44  5:24  Muscular Augments  
  44  5:34  Hydralisk x2  
  45  5:41  Drone x2  
  45  5:42  Drone  
  48  5:44  Hydralisk  
  50  5:56  Drone  
  51  5:58  Overlord  
  51  5:59  Overlord  
  51  6:01  Spore Crawler  
  50  6:08  Drone  
  50  6:09  Overlord x2  
  51  6:14  Drone x2  
  51  6:16  Drone  
  51  6:18  Drone  
  52  6:25  Drone  
  52  6:26  Drone x2  
  52  6:29  Lurker Den, Drone  
  52  6:30  Drone  
  56  6:36  Drone x3  
  59  6:46  Zerg Missile Weapons Level 1  
  59  6:49  Hydralisk x2  
  59  6:50  Hydralisk  
  65  7:03  Hydralisk x4  
  73  7:15  Hydralisk x3  
  72  7:16  Hydralisk  
  72  7:18  Overseer  
  79  7:31  Hydralisk x2  
  83  7:37  Overlord  
  83  7:43  Overlord x4  
  82  7:58  Hydralisk x2  
  82  7:59  Hydralisk x2  
  82  8:00  Overlord  
  90  8:16  Hatchery  
  90  8:17  Lurker x4  
  90  8:18  Lurker x2  
  95  8:21  Zergling x6  
  95  8:22  Zergling x2  
  95  8:27  Overlord  
  75  8:52  Hydralisk x4  
  83  8:56  Spore Crawler  
  83  8:58  Spore Crawler x2  
  83  8:59  Zergling x2  
  78  9:15  Hydralisk  
  80  9:27  Hydralisk  
  80  9:28  Hydralisk x2  
  86  9:36  Hydralisk  
  78  10:11  Spore Crawler, Queen  
  78  10:13  Hydralisk x2  
  83  10:39  Spore Crawler  
  74  10:56  Hydralisk x2  
  74  10:57  Hydralisk  
  80  11:05  Hydralisk x2  
  81  11:16  Hydralisk  
  68  11:21  Drone  
  67  11:45  Hydralisk  
  67  11:57  Hydralisk  
Show
View Real Time Build Order
Export as new Build Order

Florencio Protoss - Winner!

Build Orders:  

Get SALT Encoding   

  12  0:01  Probe  
  13  0:13  Probe (Chrono Boost)  
  14  0:23  Pylon, Probe (Chrono Boost)  
  15  0:41  Probe  
  16  0:47  Forge  
  16  0:53  Probe  
  17  1:07  Probe  
  17  1:09  Assimilator  
  18  1:13  Assimilator  
  18  1:21  Photon Cannon  
  18  1:23  Gateway  
  18  1:29  Pylon  
  18  1:37  Pylon  
  18  1:45  Probe  
  19  1:57  Photon Cannon  
  19  2:02  Photon Cannon  
  19  2:14  Photon Cannon  
  19  2:20  Probe  
  20  2:32  Probe (Chrono Boost)  
  20  2:34  Nexus  
  21  2:38  Pylon  
  21  2:44  Probe (Chrono Boost)  
  22  2:55  Probe (Chrono Boost)  
  23  3:03  Probe  
  24  3:11  Pylon  
  24  3:14  Pylon  
  22  3:29  Probe  
  23  3:39  Pylon, Nexus  
  23  3:40  Zealot (Chrono Boost)  
  25  3:50  Probe  
  26  3:59  Zealot (Chrono Boost)  
  29  4:02  Probe  
  29  4:06  Photon Cannon  
  29  4:15  Probe  
  30  4:20  Probe  
  30  4:21  Zealot (Chrono Boost)  
  33  4:32  Probe  
  34  4:39  Photon Cannon  
  34  4:40  Probe  
  35  4:52  Probe  
  35  4:53  Pylon  
  35  4:55  Pylon  
  35  5:06  Probe (Chrono Boost)  
  36  5:08  Assimilator  
  36  5:11  Assimilator  
  37  5:17  Probe (Chrono Boost)  
  37  5:18  Probe (Chrono Boost)  
  37  5:20  Probe (Chrono Boost)  
  39  5:23  Cybernetics Core  
  39  5:27  Probe (Chrono Boost)  
  42  5:28  Probe (Chrono Boost)  
  42  5:30  Probe (Chrono Boost)  
  42  5:32  Probe (Chrono Boost)  
  43  5:44  Probe (Chrono Boost)  
  44  5:52  Probe (Chrono Boost)  
  45  5:58  Photon Cannon  
  45  6:01  Probe (Chrono Boost), Stargate  
  46  6:06  Stargate  
  46  6:07  Probe (Chrono Boost)  
  46  6:08  Stargate  
  47  6:11  Stargate  
  47  6:17  Probe (Chrono Boost)  
  42  6:24  Probe (Chrono Boost)  
  43  6:26  Assimilator  
  43  6:30  Probe (Chrono Boost), Assimilator  
  46  6:33  Probe (Chrono Boost)  
  46  6:34  Probe (Chrono Boost)  
  46  6:37  Probe (Chrono Boost)  
  48  6:41  Probe (Chrono Boost)  
  48  6:42  Photon Cannon  
  48  6:43  Photon Cannon  
  48  6:51  Oracle x2  
  48  6:52  Probe  
  48  6:53  Oracle  
  58  6:55  Oracle  
  61  7:02  Probe  
  62  7:14  Probe  
  63  7:23  Pylon  
  63  7:25  Pylon  
  63  7:28  Oracle x2 (Chrono Boost)  
  69  7:30  Oracle (Chrono Boost)  
  69  7:34  Photon Cannon  
  69  7:36  Oracle (Chrono Boost)  
  75  7:44  Pylon  
  75  7:46  Zealot  
  77  7:56  Pylon  
  83  8:10  Fleet Beacon  
  83  8:18  Void Ray  
  83  8:19  Void Ray x2  
  81  8:23  Void Ray  
  81  8:25  Probe  
  92  9:01  Carrier x2  
  90  9:59  Pylon  
  90  10:01  Pylon  
  90  10:12  Pylon  
  90  10:15  Pylon  
  90  10:16  Pylon  
  77  10:52  Oracle (Chrono Boost)  
  72  11:02  Probe  
  67  11:14  Probe  
  68  11:26  Probe (Chrono Boost)  
  69  11:35  Probe (Chrono Boost)  
  69  11:36  Pylon  
  70  11:42  Pylon  
  70  11:51  Nexus  
Tags
 
Composition
Lurkers
Matchup
PvZ
Spawn Locations
Cross Positions
Add a new tag
Caveats
  • Supply blocks, unpowered buildings, or Contaminate may cause inaccurate times.
  • Supply counts are checked every 10 seconds.